[ AOE2 MATCH · #481705769 ]
UnrankedIncas vs Mongols
[ REPLAY ANALYSIS · EXTRACTED FROM THE RECORDED GAME ]
Feudal
13:03
Castle
17:23
Imperial
32:55
| APM avg | 33.7 |
| APM peak | 63 |
| eAPM avg | 23.6 |
| Villagers / military | 149 / 62 |
Focus
⚔️ 32.9% · 🌾 67.1%
Unknown (2550) ×83 · Kamayuk ×47 · Battering Ram ×13 · Monk ×1 · Spearman ×1
Feudal
13:34
Castle
18:08
Imperial
—
| APM avg | 15.3 |
| APM peak | 36 |
| eAPM avg | 11.4 |
| Villagers / military | 113 / 76 |
Focus
⚔️ 13.0% · 🌾 87.0%
Scout Cavalry ×76
Feudal
14:58
Castle
21:59
Imperial
—
| APM avg | 26.4 |
| APM peak | 53 |
| eAPM avg | 18.2 |
| Villagers / military | 86 / 46 |
Focus
⚔️ 15.0% · 🌾 85.0%
Spearman ×27 · Monk ×11 · Knight ×5 · Mangonel ×3
Feudal
14:08
Castle
18:54
Imperial
36:27
| APM avg | 37.0 |
| APM peak | 64 |
| eAPM avg | 21.9 |
| Villagers / military | 148 / 129 |
Focus
⚔️ 35.2% · 🌾 64.8%
Spearman ×74 · Militia ×51 · Trebuchet (Packed) ×3 · Centurion ×1
Feudal
15:28
Castle
21:18
Imperial
—
| APM avg | 24.4 |
| APM peak | 92 |
| eAPM avg | 12.6 |
| Villagers / military | 49 / 7 |
Focus
⚔️ 29.5% · 🌾 70.5%
Steppe Lancer ×7
Feudal
14:00
Castle
17:32
Imperial
41:25
| APM avg | 35.8 |
| APM peak | 115 |
| eAPM avg | 19.6 |
| Villagers / military | 148 / 67 |
Focus
⚔️ 25.9% · 🌾 74.1%
Knight ×67
Feudal
13:44
Castle
18:48
Imperial
35:32
| APM avg | 32.5 |
| APM peak | 81 |
| eAPM avg | 16.6 |
| Villagers / military | 79 / 59 |
Focus
⚔️ 25.4% · 🌾 74.6%
Spearman ×28 · Organ Gun ×26 · Trebuchet (Packed) ×4 · Monk ×1
Feudal
12:27
Castle
23:19
Imperial
39:17
| APM avg | 40.9 |
| APM peak | 91 |
| eAPM avg | 18.4 |
| Villagers / military | 93 / 53 |
Focus
⚔️ 26.3% · 🌾 73.7%
Cavalry Archer ×29 · Knight ×16 · Scout Cavalry ×5 · Battering Ram ×2 · Monk ×1
Match map
Initial resources + every placement click. Lines = walls · curves = elevation contours. ◆ gold · ⬟ stone · ● berries · ✦ relic · ◌ wall gap
Your base· Open — 14t gap
Dutchz's base· Open — unwalled flank
Potential_war's base· Open — 12t gap
Ez4u2nv's base· Open — unwalled flank
Narawara's base· Open — unwalled flank
NotUseful's base· Open — unwalled flank
R. Daneel Olivaw's base· Open — 9t gap
dnmdsxlw's base· Open — unwalled flank
Smoothed initial terrain · ◌ = detected wall gap · hover for details
Inputs per minute
— Rennzai - - Dutchz
Build order — Rennzai
First 150 of 464 actions detected
| 0:16 | Build | House |
| 0:38 | Build | Town Center |
| 3:03 | Create | Villager (Male) |
| 3:03 | Create | Villager (Male) |
| 3:03 | Create | Villager (Male) |
| 3:04 | Create | Villager (Male) |
| 3:04 | Create | Villager (Male) |
| 4:24 | Create | Villager (Male) |
| 4:24 | Create | Villager (Male) |
| 4:45 | Create | Villager (Male) |
| 5:00 | Build | Palisade Wall |
| 5:06 | Create | Villager (Male) |
| 5:10 | Build | Palisade Wall |
| 5:21 | Build | Palisade Wall |
| 5:27 | Build | Palisade Wall |
| 5:30 | Create | Villager (Male) |
| 6:15 | Create | Villager (Male) |
| 6:16 | Create | Villager (Male) |
| 6:29 | Create | Villager (Male) |
| 6:37 | Build | House |
| 6:45 | Create | Villager (Male) |
| 7:09 | Create | Villager (Male) |
| 7:27 | Build | Settlement |
| 7:47 | Create | Villager (Male) |
| 7:47 | Create | Villager (Male) |
| 8:19 | Create | Villager (Male) |
| 8:19 | Create | Villager (Male) |
| 8:42 | Create | Villager (Male) |
| 8:42 | Create | Villager (Male) |
| 9:31 | Create | Villager (Male) |
| 10:53 | Research | Feudal Age |
| 11:43 | Create | Villager (Male) |
| 11:44 | Create | Villager (Male) |
| 12:47 | Build | Settlement |
| 13:03 | Age | Feudal Age |
| 13:05 | Build | Market |
| 13:08 | Build | Blacksmith |
| 13:36 | Build | Barracks |
| 13:45 | Create | Villager (Male) |
| 14:02 | Build | Barracks |
| 14:04 | Build | Palisade Wall |
| 14:05 | Build | Palisade Wall |
| 14:16 | Research | Loom |
| 14:40 | Research | Castle Age |
| 14:40 | Research | Castle Age |
| 15:09 | Create | Unit 2550 |
| 15:09 | Create | Unit 2550 |
| 15:19 | Research | Double-Bit Axe |
| 15:20 | Research | Double-Bit Axe |
| 15:44 | Create | Villager (Male) |
| 16:45 | Create | Villager (Male) |
| 16:58 | Research | Horse Collar |
| 17:23 | Age | Castle Age |
| 17:24 | Build | Town Center |
| 17:27 | Build | Town Center |
| 17:33 | Create | Villager (Male) |
| 17:35 | Build | Farm |
| 17:36 | Build | Farm |
| 17:40 | Build | Monastery |
| 17:49 | Build | Farm |
| 17:52 | Create | Villager (Male) |
| 18:06 | Build | Farm |
| 18:19 | Build | Farm |
| 18:21 | Create | Villager (Male) |
| 18:21 | Create | Villager (Male) |
| 18:39 | Create | Monk |
| 18:55 | Build | Farm |
| 18:58 | Build | Farm |
| 18:59 | Create | Villager (Male) |
| 19:00 | Create | Villager (Male) |
| 19:13 | Build | Farm |
| 19:14 | Build | Farm |
| 19:17 | Create | Villager (Male) |
| 19:17 | Create | Villager (Male) |
| 19:23 | Build | Farm |
| 19:42 | Create | Villager (Male) |
| 19:48 | Create | Villager (Male) |
| 19:51 | Build | Farm |
| 19:58 | Create | Villager (Male) |
| 20:04 | Build | Farm |
| 20:19 | Create | Villager (Male) |
| 20:19 | Create | Villager (Male) |
| 20:26 | Create | Villager (Male) |
| 20:27 | Create | Villager (Male) |
| 20:41 | Create | Villager (Male) |
| 20:42 | Create | Villager (Male) |
| 20:48 | Create | Villager (Male) |
| 20:54 | Build | Farm |
| 20:58 | Create | Villager (Male) |
| 21:02 | Build | Farm |
| 21:12 | Create | Villager (Male) |
| 21:15 | Create | Villager (Male) |
| 21:27 | Create | Villager (Male) |
| 21:27 | Create | Villager (Male) |
| 21:30 | Build | Farm |
| 21:33 | Build | Farm |
| 21:33 | Create | Villager (Male) |
| 21:39 | Create | Villager (Male) |
| 21:39 | Create | Villager (Male) |
| 21:47 | Build | Farm |
| 21:47 | Create | Villager (Male) |
| 22:01 | Create | Villager (Male) |
| 22:02 | Create | Villager (Male) |
| 22:07 | Create | Villager (Male) |
| 22:07 | Create | Villager (Male) |
| 22:09 | Build | Gate |
| 22:11 | Build | Stone Wall |
| 22:12 | Build | Stone Wall |
| 22:13 | Create | Villager (Male) |
| 22:13 | Create | Villager (Male) |
| 22:14 | Create | Villager (Male) |
| 22:19 | Create | Villager (Male) |
| 22:19 | Create | Villager (Male) |
| 22:32 | Create | Villager (Male) |
| 22:41 | Research | Heavy Plow |
| 22:44 | Research | Bow Saw |
| 23:00 | Build | House |
| 23:00 | Build | House |
| 23:01 | Create | Villager (Male) |
| 23:07 | Create | Villager (Male) |
| 23:09 | Build | Farm |
| 23:10 | Build | Farm |
| 23:12 | Build | Farm |
| 23:14 | Build | Farm |
| 23:15 | Create | Villager (Male) |
| 23:23 | Create | Villager (Male) |
| 23:30 | Build | Gate |
| 23:32 | Build | Stone Wall |
| 23:34 | Build | Stone Wall |
| 23:36 | Build | Stone Wall |
| 23:38 | Build | Stone Wall |
| 23:40 | Create | Villager (Male) |
| 23:46 | Build | Farm |
| 23:57 | Build | Town Center |
| 24:03 | Create | Villager (Male) |
| 24:04 | Create | Villager (Male) |
| 24:05 | Create | Villager (Male) |
| 24:08 | Create | Villager (Male) |
| 24:08 | Create | Villager (Male) |
| 24:14 | Build | Stone Wall |
| 24:20 | Build | Farm |
| 24:21 | Build | Farm |
| 24:21 | Create | Villager (Male) |
| 24:22 | Create | Villager (Male) |
| 24:28 | Build | Farm |
| 24:30 | Build | Farm |
| 24:32 | Build | Farm |
| 24:35 | Build | Farm |
| 24:37 | Build | Farm |
| 24:41 | Create | Villager (Male) |
Build order — Dutchz
First 150 of 284 actions detected
| 0:17 | Build | Town Center |
| 2:15 | Build | House |
| 2:26 | Build | House |
| 2:28 | Build | House |
| 2:36 | Build | House |
| 2:39 | Create | Villager (Male) |
| 2:39 | Create | Villager (Male) |
| 2:39 | Create | Villager (Male) |
| 2:39 | Create | Villager (Male) |
| 2:40 | Research | Loom |
| 4:22 | Create | Villager (Male) |
| 5:09 | Create | Villager (Male) |
| 5:09 | Create | Villager (Male) |
| 5:44 | Create | Villager (Male) |
| 5:56 | Create | Villager (Male) |
| 5:57 | Create | Villager (Male) |
| 6:21 | Build | Mill |
| 6:36 | Build | Mill |
| 7:08 | Create | Villager (Male) |
| 7:09 | Create | Villager (Male) |
| 7:09 | Create | Villager (Male) |
| 8:06 | Create | Villager (Male) |
| 8:47 | Create | Villager (Male) |
| 8:47 | Create | Villager (Male) |
| 8:57 | Build | House |
| 9:04 | Build | House |
| 9:27 | Create | Villager (Male) |
| 9:28 | Create | Villager (Male) |
| 10:16 | Create | Villager (Male) |
| 10:16 | Create | Villager (Male) |
| 10:27 | Build | House |
| 10:42 | Build | Lumber Camp |
| 10:47 | Build | Mining Camp |
| 10:54 | Build | Mining Camp |
| 11:07 | Research | Feudal Age |
| 12:27 | Create | Villager (Male) |
| 13:06 | Build | House |
| 13:20 | Build | House |
| 13:34 | Age | Feudal Age |
| 13:54 | Create | Villager (Male) |
| 14:02 | Build | Market |
| 14:04 | Build | Blacksmith |
| 14:27 | Build | Palisade Wall |
| 14:30 | Build | Palisade Gate |
| 14:38 | Create | Villager (Male) |
| 14:39 | Create | Villager (Male) |
| 15:16 | Research | Castle Age |
| 17:01 | Build | Farm |
| 17:03 | Build | Farm |
| 17:07 | Build | Farm |
| 17:08 | Build | Farm |
| 17:34 | Create | Villager (Male) |
| 17:34 | Create | Villager (Male) |
| 17:44 | Build | Farm |
| 17:44 | Build | Farm |
| 17:44 | Build | Farm |
| 17:44 | Build | Farm |
| 17:45 | Build | Farm |
| 17:45 | Build | Farm |
| 17:45 | Build | Farm |
| 17:51 | Build | House |
| 17:52 | Build | House |
| 17:57 | Build | Palisade Wall |
| 18:08 | Age | Castle Age |
| 18:38 | Build | Town Center |
| 18:55 | Build | Town Center |
| 19:01 | Research | Wheelbarrow |
| 19:01 | Research | Town Watch |
| 19:28 | Build | Town Center |
| 20:09 | Create | Villager (Male) |
| 20:09 | Create | Villager (Male) |
| 20:10 | Create | Villager (Male) |
| 20:10 | Create | Villager (Male) |
| 20:22 | Build | Farm |
| 20:23 | Build | Farm |
| 20:23 | Build | Farm |
| 20:23 | Build | Farm |
| 20:24 | Build | Farm |
| 20:24 | Build | Farm |
| 20:39 | Create | Villager (Male) |
| 20:39 | Create | Villager (Male) |
| 20:44 | Build | House |
| 20:45 | Build | House |
| 21:08 | Create | Villager (Male) |
| 21:08 | Create | Villager (Male) |
| 21:21 | Create | Villager (Male) |
| 21:21 | Create | Villager (Male) |
| 21:22 | Create | Villager (Male) |
| 21:26 | Create | Villager (Male) |
| 21:27 | Create | Villager (Male) |
| 21:27 | Create | Villager (Male) |
| 21:27 | Create | Villager (Male) |
| 21:36 | Build | Mill |
| 21:40 | Create | Villager (Male) |
| 21:40 | Create | Villager (Male) |
| 22:02 | Create | Villager (Male) |
| 22:02 | Create | Villager (Male) |
| 22:03 | Create | Villager (Male) |
| 22:16 | Build | Town Center |
| 22:20 | Create | Villager (Male) |
| 22:36 | Create | Villager (Male) |
| 22:36 | Create | Villager (Male) |
| 22:44 | Create | Villager (Male) |
| 22:55 | Build | House |
| 22:57 | Build | House |
| 22:59 | Build | Barracks |
| 23:04 | Create | Villager (Male) |
| 23:10 | Create | Villager (Male) |
| 23:10 | Create | Villager (Male) |
| 23:10 | Create | Villager (Male) |
| 23:10 | Create | Villager (Male) |
| 23:17 | Create | Villager (Male) |
| 23:31 | Create | Villager (Male) |
| 23:32 | Create | Villager (Male) |
| 23:32 | Create | Villager (Male) |
| 23:33 | Create | Villager (Male) |
| 23:39 | Create | Villager (Male) |
| 23:49 | Create | Villager (Male) |
| 23:54 | Create | Villager (Male) |
| 24:00 | Build | Farm |
| 24:00 | Build | Farm |
| 24:00 | Build | Farm |
| 24:00 | Build | Farm |
| 24:01 | Build | Farm |
| 24:01 | Build | Farm |
| 24:09 | Create | Villager (Male) |
| 24:09 | Create | Villager (Male) |
| 24:09 | Create | Villager (Male) |
| 24:14 | Create | Villager (Male) |
| 24:14 | Create | Villager (Male) |
| 24:16 | Create | Villager (Male) |
| 24:23 | Create | Villager (Male) |
| 24:33 | Build | Stable |
| 24:43 | Create | Villager (Male) |
| 24:48 | Build | Farm |
| 24:49 | Build | Farm |
| 24:49 | Build | Farm |
| 24:49 | Build | Farm |
| 24:49 | Build | Farm |
| 24:52 | Create | Villager (Male) |
| 24:52 | Create | Villager (Male) |
| 24:52 | Create | Villager (Male) |
| 24:52 | Create | Villager (Male) |
| 24:53 | Create | Villager (Male) |
| 24:58 | Create | Villager (Male) |
| 24:58 | Create | Villager (Male) |
| 24:58 | Create | Villager (Male) |
| 25:17 | Create | Villager (Male) |
| 25:17 | Create | Villager (Male) |
| 25:21 | Build | Stable |
Build order — Potential_war
First 150 of 240 actions detected
| 0:24 | Build | Town Center |
| 2:12 | Create | Villager (Male) |
| 2:12 | Create | Villager (Male) |
| 2:12 | Research | Loom |
| 2:13 | Create | Villager (Male) |
| 2:40 | Build | House |
| 2:54 | Create | Villager (Male) |
| 3:03 | Build | House |
| 4:08 | Create | Villager (Male) |
| 4:25 | Create | Villager (Male) |
| 4:25 | Create | Villager (Male) |
| 4:37 | Build | Mill |
| 5:07 | Create | Villager (Male) |
| 5:08 | Create | Villager (Male) |
| 5:20 | Create | Villager (Male) |
| 5:20 | Create | Villager (Male) |
| 6:24 | Create | Villager (Male) |
| 6:24 | Create | Villager (Male) |
| 6:24 | Create | Villager (Male) |
| 6:38 | Build | House |
| 6:50 | Create | Villager (Male) |
| 6:50 | Create | Villager (Male) |
| 7:25 | Create | Villager (Male) |
| 7:25 | Create | Villager (Male) |
| 7:25 | Create | Villager (Male) |
| 7:26 | Create | Villager (Male) |
| 7:37 | Create | Villager (Male) |
| 7:38 | Create | Villager (Male) |
| 8:02 | Build | Lumber Camp |
| 8:52 | Create | Villager (Male) |
| 8:52 | Create | Villager (Male) |
| 9:00 | Build | Mill |
| 9:27 | Build | House |
| 9:41 | Build | Mining Camp |
| 9:44 | Create | Villager (Male) |
| 9:44 | Create | Villager (Male) |
| 9:49 | Build | House |
| 10:27 | Create | Villager (Male) |
| 10:48 | Create | Villager (Male) |
| 10:48 | Create | Villager (Male) |
| 11:22 | Build | House |
| 11:51 | Create | Villager (Male) |
| 12:48 | Research | Feudal Age |
| 13:03 | Build | Mill |
| 14:08 | Build | Mill |
| 14:22 | Create | Villager (Male) |
| 14:22 | Create | Villager (Male) |
| 14:58 | Age | Feudal Age |
| 15:00 | Research | Double-Bit Axe |
| 15:01 | Research | Gold Mining |
| 15:12 | Build | Market |
| 15:35 | Build | Blacksmith |
| 15:47 | Build | Palisade Wall |
| 15:50 | Build | Palisade Wall |
| 15:56 | Build | Palisade Wall |
| 16:02 | Build | Palisade Gate |
| 17:14 | Research | Stone Mining |
| 17:19 | Build | House |
| 17:20 | Build | House |
| 17:40 | Research | Fletching |
| 17:56 | Build | Barracks |
| 18:13 | Research | Horse Collar |
| 18:46 | Build | House |
| 18:55 | Build | Stable |
| 19:19 | Research | Castle Age |
| 19:19 | Research | Castle Age |
| 19:27 | Build | House |
| 20:04 | Build | House |
| 20:05 | Build | House |
| 20:51 | Build | House |
| 20:52 | Build | House |
| 20:57 | Research | Town Watch |
| 21:35 | Build | Palisade Gate |
| 21:59 | Age | Castle Age |
| 22:17 | Build | Town Center |
| 22:21 | Research | Bow Saw |
| 22:33 | Create | Villager (Male) |
| 22:33 | Create | Villager (Male) |
| 22:37 | Build | Farm |
| 22:38 | Build | Farm |
| 22:39 | Build | Farm |
| 22:41 | Build | Farm |
| 22:46 | Build | Siege Workshop |
| 22:55 | Build | Farm |
| 22:55 | Build | Farm |
| 22:57 | Create | Villager (Male) |
| 23:08 | Create | Knight |
| 23:09 | Create | Knight |
| 23:15 | Build | House |
| 23:15 | Build | House |
| 23:34 | Build | House |
| 24:00 | Build | Monastery |
| 24:06 | Create | Mangonel |
| 24:09 | Create | Villager (Male) |
| 24:35 | Create | Knight |
| 24:59 | Create | Monk |
| 24:59 | Create | Monk |
| 25:07 | Build | House |
| 25:08 | Build | House |
| 25:23 | Create | Villager (Male) |
| 25:33 | Create | Knight |
| 25:55 | Build | House |
| 25:57 | Build | House |
| 25:58 | Build | House |
| 26:59 | Build | House |
| 27:14 | Create | Villager (Male) |
| 27:14 | Create | Villager (Male) |
| 27:30 | Create | Knight |
| 27:39 | Create | Villager (Male) |
| 27:39 | Create | Villager (Male) |
| 27:48 | Build | Town Center |
| 27:53 | Create | Villager (Male) |
| 28:25 | Build | House |
| 28:26 | Build | House |
| 28:27 | Build | House |
| 28:33 | Create | Villager (Male) |
| 28:33 | Create | Villager (Male) |
| 28:59 | Create | Villager (Male) |
| 29:10 | Build | Castle |
| 29:18 | Build | Farm |
| 29:22 | Create | Villager (Male) |
| 29:31 | Build | Town Center |
| 30:01 | Create | Villager (Male) |
| 30:01 | Create | Villager (Male) |
| 30:01 | Create | Villager (Male) |
| 30:10 | Build | Lumber Camp |
| 30:18 | Create | Villager (Male) |
| 30:30 | Create | Monk |
| 30:42 | Create | Villager (Male) |
| 30:48 | Build | Farm |
| 30:48 | Build | Farm |
| 30:49 | Build | Farm |
| 30:51 | Build | Farm |
| 30:54 | Create | Villager (Male) |
| 30:54 | Create | Villager (Male) |
| 31:04 | Build | Farm |
| 31:09 | Build | Farm |
| 31:09 | Build | Farm |
| 31:33 | Create | Spearman |
| 31:53 | Create | Villager (Male) |
| 32:18 | Build | Barracks |
| 32:24 | Create | Villager (Male) |
| 32:24 | Create | Villager (Male) |
| 32:26 | Research | Scale Mail Armor |
| 32:32 | Create | Monk |
| 32:40 | Create | Spearman ×2 |
| 32:53 | Build | Farm |
| 32:53 | Build | Farm |
| 32:59 | Build | Farm |
| 33:03 | Create | Villager (Male) |
Build order — Ez4u2nv
First 150 of 486 actions detected
| 0:04 | Build | House |
| 0:13 | Build | House |
| 1:05 | Build | Town Center |
| 1:28 | Build | Lumber Camp |
| 3:28 | Create | Villager (Male) |
| 3:28 | Create | Villager (Male) |
| 3:29 | Create | Villager (Male) |
| 3:29 | Create | Villager (Male) |
| 3:29 | Create | Villager (Male) |
| 4:27 | Build | House |
| 4:50 | Create | Villager (Male) |
| 4:50 | Create | Villager (Male) |
| 5:22 | Create | Villager (Male) |
| 6:00 | Create | Villager (Male) |
| 6:01 | Create | Villager (Male) |
| 6:06 | Build | House |
| 6:24 | Build | House |
| 6:34 | Create | Villager (Male) |
| 6:34 | Create | Villager (Male) |
| 6:58 | Create | Villager (Male) |
| 6:58 | Create | Villager (Male) |
| 7:06 | Build | House |
| 7:37 | Create | Villager (Male) |
| 7:37 | Create | Villager (Male) |
| 7:53 | Create | Villager (Male) |
| 7:53 | Create | Villager (Male) |
| 7:53 | Create | Villager (Male) |
| 8:07 | Build | Mill |
| 8:42 | Create | Villager (Male) |
| 9:33 | Create | Villager (Male) |
| 9:33 | Create | Villager (Male) |
| 9:58 | Create | Villager (Male) |
| 9:59 | Create | Villager (Male) |
| 9:59 | Create | Villager (Male) |
| 10:04 | Create | Villager (Male) |
| 10:04 | Create | Villager (Male) |
| 10:12 | Build | House |
| 10:42 | Research | Loom |
| 10:55 | Build | House |
| 11:01 | Build | House |
| 11:17 | Build | Mining Camp |
| 11:21 | Build | House |
| 11:35 | Research | Feudal Age |
| 12:45 | Create | Villager (Male) |
| 13:12 | Create | Villager (Male) |
| 13:13 | Create | Villager (Male) |
| 14:08 | Age | Feudal Age |
| 14:26 | Build | Market |
| 14:30 | Build | Blacksmith |
| 14:45 | Build | House |
| 15:23 | Create | Villager (Male) |
| 15:38 | Build | Mining Camp |
| 16:05 | Build | House |
| 16:14 | Research | Castle Age |
| 16:35 | Build | Gate |
| 16:38 | Build | Stone Wall |
| 16:39 | Build | Stone Wall |
| 17:02 | Build | Stone Wall |
| 17:04 | Build | Gate |
| 17:07 | Build | Stone Wall |
| 17:07 | Build | Stone Wall |
| 17:10 | Build | Stone Wall |
| 17:10 | Build | Stone Wall |
| 17:17 | Build | Stone Wall |
| 17:19 | Build | Gate |
| 17:27 | Research | Double-Bit Axe |
| 17:29 | Research | Horse Collar |
| 17:29 | Research | Horse Collar |
| 18:15 | Build | Gate |
| 18:42 | Create | Villager (Male) |
| 18:43 | Create | Villager (Male) |
| 18:43 | Create | Villager (Male) |
| 18:54 | Age | Castle Age |
| 18:59 | Build | Town Center |
| 19:32 | Build | Farm |
| 19:33 | Build | Farm |
| 19:34 | Build | Farm |
| 19:35 | Create | Villager (Male) |
| 19:54 | Build | Gate |
| 19:59 | Build | House |
| 20:24 | Create | Villager (Male) |
| 20:31 | Build | House |
| 20:32 | Build | House |
| 20:36 | Create | Villager (Male) |
| 20:36 | Create | Villager (Male) |
| 20:36 | Create | Villager (Male) |
| 20:54 | Build | Town Center |
| 21:13 | Build | Farm |
| 21:15 | Build | Farm |
| 21:25 | Build | House |
| 21:26 | Build | House |
| 21:30 | Create | Villager (Male) |
| 21:31 | Create | Villager (Male) |
| 21:32 | Create | Villager (Male) |
| 21:32 | Create | Villager (Male) |
| 21:35 | Build | Farm |
| 21:37 | Build | Farm |
| 21:39 | Build | Farm |
| 21:41 | Build | Farm |
| 21:47 | Create | Villager (Male) |
| 21:47 | Create | Villager (Male) |
| 22:01 | Create | Villager (Male) |
| 22:01 | Create | Villager (Male) |
| 22:04 | Build | Farm |
| 22:07 | Build | Farm |
| 22:10 | Build | Farm |
| 22:12 | Build | Farm |
| 22:17 | Build | Farm |
| 22:19 | Create | Villager (Male) |
| 22:30 | Create | Villager (Male) |
| 22:31 | Create | Villager (Male) |
| 22:31 | Create | Villager (Male) |
| 22:46 | Build | House |
| 22:47 | Build | House |
| 22:53 | Build | House |
| 22:54 | Build | House |
| 22:56 | Create | Villager (Male) |
| 22:56 | Create | Villager (Male) |
| 22:59 | Build | Farm |
| 23:01 | Build | Farm |
| 23:10 | Create | Villager (Male) |
| 23:10 | Create | Villager (Male) |
| 23:22 | Build | Outpost |
| 23:37 | Create | Villager (Male) |
| 23:37 | Create | Villager (Male) |
| 23:40 | Create | Villager (Male) |
| 23:44 | Build | Barracks |
| 23:49 | Create | Villager (Male) |
| 23:54 | Build | Outpost |
| 23:55 | Create | Villager (Male) |
| 23:55 | Create | Villager (Male) |
| 24:01 | Create | Villager (Male) |
| 24:19 | Build | Barracks |
| 24:26 | Build | Farm |
| 24:28 | Research | Pikeman (upgrade) |
| 24:28 | Research | Pikeman (upgrade) |
| 24:43 | Create | Spearman |
| 24:44 | Create | Spearman |
| 24:49 | Build | Outpost |
| 24:49 | Create | Villager (Male) |
| 24:50 | Create | Villager (Male) |
| 24:55 | Build | Farm |
| 25:04 | Build | House |
| 25:05 | Build | House |
| 25:07 | Create | Spearman |
| 25:07 | Create | Spearman |
| 25:07 | Create | Spearman |
| 25:15 | Build | Farm |
| 25:18 | Build | Farm |
| 25:22 | Build | Farm |
Build order — Narawara
122 actions detected in the replay
| 0:11 | Build | House |
| 0:50 | Build | Town Center |
| 1:10 | Build | Mill |
| 3:25 | Create | Villager (Male) |
| 3:25 | Create | Villager (Male) |
| 3:52 | Create | Villager (Male) |
| 3:52 | Create | Villager (Male) |
| 3:52 | Create | Villager (Male) |
| 4:27 | Research | Loom |
| 4:43 | Create | Villager (Male) |
| 4:43 | Create | Villager (Male) |
| 5:01 | Create | Villager (Male) |
| 5:29 | Create | Villager (Male) |
| 5:29 | Create | Villager (Male) |
| 6:35 | Create | Villager (Male) |
| 6:35 | Create | Villager (Male) |
| 6:53 | Create | Villager (Male) |
| 7:06 | Build | House |
| 7:27 | Create | Villager (Male) |
| 7:27 | Create | Villager (Male) |
| 7:57 | Create | Villager (Male) |
| 8:24 | Create | Villager (Male) |
| 9:08 | Create | Villager (Male) |
| 9:33 | Create | Villager (Male) |
| 9:33 | Create | Villager (Male) |
| 9:33 | Create | Villager (Male) |
| 9:39 | Build | House |
| 9:44 | Create | Villager (Male) |
| 9:44 | Create | Villager (Male) |
| 10:23 | Create | Villager (Male) |
| 10:23 | Create | Villager (Male) |
| 11:05 | Create | Villager (Male) |
| 11:25 | Build | House |
| 11:28 | Create | Villager (Male) |
| 11:28 | Create | Villager (Male) |
| 11:38 | Build | Mill |
| 12:20 | Create | Villager (Male) |
| 12:45 | Build | Lumber Camp |
| 12:47 | Create | Villager (Male) |
| 13:07 | Research | Feudal Age |
| 13:07 | Research | Feudal Age |
| 13:14 | Build | House |
| 13:17 | Build | Palisade Wall |
| 13:43 | Build | Palisade Wall |
| 13:44 | Build | Palisade Wall |
| 13:52 | Build | Palisade Wall |
| 14:16 | Build | Palisade Wall |
| 14:19 | Build | Palisade Wall |
| 14:41 | Build | Mining Camp |
| 15:02 | Build | Mill |
| 15:14 | Create | Villager (Male) |
| 15:28 | Age | Feudal Age |
| 15:42 | Create | Villager (Male) |
| 15:44 | Build | Blacksmith |
| 15:57 | Create | Villager (Male) |
| 16:02 | Build | House |
| 16:14 | Create | Villager (Male) |
| 16:51 | Build | House |
| 16:58 | Create | Villager (Male) |
| 17:04 | Build | House |
| 17:05 | Build | Palisade Wall |
| 17:15 | Build | Market |
| 17:21 | Create | Villager (Male) |
| 17:36 | Build | Farm |
| 17:37 | Create | Villager (Male) |
| 17:41 | Build | House |
| 17:43 | Build | House |
| 17:53 | Build | Palisade Wall |
| 17:54 | Build | Palisade Wall |
| 17:58 | Build | Palisade Wall |
| 18:00 | Build | Palisade Wall |
| 18:07 | Build | Farm |
| 18:09 | Build | Farm |
| 18:38 | Research | Castle Age |
| 18:47 | Build | Barracks |
| 18:53 | Research | Double-Bit Axe |
| 19:31 | Build | House |
| 19:33 | Build | House |
| 19:40 | Build | Palisade Wall |
| 19:42 | Build | House |
| 19:53 | Build | Farm |
| 20:04 | Create | Villager (Male) |
| 20:12 | Build | Farm |
| 20:13 | Build | Farm |
| 20:28 | Build | Stable |
| 20:39 | Build | Farm |
| 20:46 | Build | Stable |
| 20:50 | Create | Villager (Male) |
| 21:10 | Create | Villager (Male) |
| 21:16 | Build | Farm |
| 21:18 | Age | Castle Age |
| 21:21 | Create | Steppe Lancer |
| 21:22 | Create | Steppe Lancer |
| 21:32 | Build | Farm |
| 21:35 | Build | Farm |
| 21:36 | Create | Villager (Male) |
| 22:00 | Create | Steppe Lancer |
| 22:21 | Build | House |
| 22:31 | Build | Palisade Wall |
| 22:35 | Create | Steppe Lancer |
| 22:35 | Create | Steppe Lancer |
| 23:11 | Build | Palisade Wall |
| 23:15 | Build | Palisade Wall |
| 23:28 | Create | Steppe Lancer |
| 23:40 | Create | Villager (Male) |
| 23:43 | Build | Farm |
| 24:08 | Build | Town Center |
| 24:09 | Create | Villager (Male) |
| 24:25 | Build | House |
| 24:53 | Create | Villager (Male) |
| 24:54 | Create | Villager (Male) |
| 25:43 | Build | House |
| 25:58 | Create | Villager (Male) |
| 26:34 | Create | Steppe Lancer |
| 28:44 | Build | Farm |
| 28:45 | Build | Farm |
| 28:46 | Build | Farm |
| 28:48 | Build | Farm |
| 28:50 | Build | Farm |
| 29:49 | Create | Villager (Male) |
| 29:49 | Create | Villager (Male) |
| 29:49 | Create | Villager (Male) |
Build order — NotUseful
First 150 of 315 actions detected
| 0:10 | Build | Town Center |
| 1:48 | Build | House |
| 2:04 | Build | House |
| 2:25 | Build | House |
| 2:33 | Create | Villager (Male) |
| 2:33 | Create | Villager (Male) |
| 2:33 | Create | Villager (Male) |
| 2:33 | Create | Villager (Male) |
| 2:37 | Build | House |
| 2:57 | Build | House |
| 4:08 | Create | Villager (Male) |
| 4:30 | Create | Villager (Male) |
| 4:31 | Create | Villager (Male) |
| 4:31 | Create | Villager (Male) |
| 4:43 | Build | House |
| 4:49 | Build | House |
| 4:59 | Create | Villager (Male) |
| 5:23 | Build | House |
| 5:33 | Research | Loom |
| 5:33 | Create | Villager (Male) |
| 5:33 | Create | Villager (Male) |
| 5:48 | Build | House |
| 6:04 | Create | Villager (Male) |
| 6:33 | Create | Villager (Male) |
| 6:33 | Create | Villager (Male) |
| 7:54 | Create | Villager (Male) |
| 8:10 | Build | House |
| 8:29 | Create | Villager (Male) |
| 8:30 | Create | Villager (Male) |
| 8:38 | Build | Mill |
| 8:51 | Create | Villager (Male) |
| 9:39 | Create | Villager (Male) |
| 10:08 | Create | Villager (Male) |
| 10:09 | Create | Villager (Male) |
| 10:36 | Create | Villager (Male) |
| 11:14 | Create | Villager (Male) |
| 11:22 | Create | Villager (Male) |
| 11:26 | Build | Lumber Camp |
| 11:45 | Research | Feudal Age |
| 12:38 | Build | Barracks |
| 13:17 | Create | Villager (Male) |
| 13:17 | Create | Villager (Male) |
| 13:41 | Build | House |
| 14:00 | Age | Feudal Age |
| 14:03 | Build | Stable |
| 14:29 | Build | Blacksmith |
| 14:52 | Research | Castle Age |
| 14:53 | Research | Castle Age |
| 15:08 | Research | Double-Bit Axe |
| 15:57 | Build | Farm |
| 16:01 | Build | Farm |
| 16:07 | Build | Farm |
| 16:09 | Build | Farm |
| 16:15 | Build | Farm |
| 16:22 | Create | Villager (Male) |
| 16:38 | Build | Farm |
| 16:54 | Build | Farm |
| 17:01 | Build | Farm |
| 17:10 | Build | Farm |
| 17:32 | Age | Castle Age |
| 17:33 | Create | Knight |
| 17:33 | Create | Knight |
| 17:36 | Build | Mill |
| 17:56 | Create | Villager (Male) |
| 18:00 | Build | Farm |
| 18:02 | Build | House |
| 18:06 | Create | Knight |
| 18:32 | Build | Farm |
| 18:33 | Create | Villager (Male) |
| 18:39 | Build | House |
| 18:53 | Create | Knight |
| 19:01 | Build | House |
| 19:03 | Create | Knight |
| 19:04 | Create | Villager (Male) |
| 19:07 | Build | Farm |
| 19:25 | Create | Knight |
| 19:28 | Research | Scale Barding Armor |
| 19:34 | Build | Farm |
| 19:57 | Create | Villager (Male) |
| 20:07 | Create | Knight |
| 20:25 | Create | Villager (Male) |
| 20:27 | Build | Farm |
| 20:29 | Create | Villager (Male) |
| 21:12 | Create | Knight |
| 21:14 | Create | Villager (Male) |
| 21:15 | Build | Farm |
| 21:17 | Build | House |
| 21:18 | Build | House |
| 21:23 | Build | Farm |
| 21:24 | Build | Farm |
| 21:24 | Build | Farm |
| 21:24 | Build | Farm |
| 21:31 | Create | Villager (Male) |
| 21:40 | Create | Knight |
| 22:06 | Create | Villager (Male) |
| 22:09 | Build | Farm |
| 22:22 | Create | Knight |
| 22:29 | Research | Chain Barding Armor |
| 22:32 | Create | Villager (Male) |
| 23:32 | Create | Knight |
| 23:37 | Build | Town Center |
| 23:42 | Create | Villager (Male) |
| 23:42 | Create | Villager (Male) |
| 23:47 | Research | Forging |
| 24:53 | Create | Knight |
| 24:53 | Create | Knight |
| 25:17 | Create | Villager (Male) ×5 |
| 25:24 | Research | Iron Casting |
| 25:57 | Create | Villager (Male) ×5 |
| 26:01 | Create | Knight |
| 26:01 | Create | Knight |
| 27:26 | Create | Knight ×4 |
| 27:26 | Create | Villager (Male) ×5 |
| 27:30 | Build | House |
| 27:30 | Build | House |
| 27:31 | Build | House |
| 27:31 | Build | House |
| 27:34 | Build | House |
| 27:35 | Build | House |
| 27:35 | Build | House |
| 27:35 | Build | House |
| 28:35 | Create | Villager (Male) ×5 |
| 28:51 | Create | Knight |
| 28:53 | Create | Villager (Male) ×5 |
| 28:58 | Build | Farm |
| 28:58 | Build | Farm |
| 28:58 | Build | Farm |
| 28:59 | Build | Farm |
| 28:59 | Build | Farm |
| 28:59 | Build | Farm |
| 29:01 | Create | Villager (Male) |
| 29:02 | Build | House |
| 29:09 | Build | House |
| 29:22 | Build | Town Center |
| 29:53 | Create | Knight |
| 29:53 | Create | Knight |
| 29:55 | Create | Villager (Male) ×5 |
| 30:14 | Build | Town Center |
| 30:21 | Create | Villager (Male) |
| 30:21 | Create | Villager (Male) |
| 30:22 | Create | Villager (Male) ×3 |
| 30:46 | Create | Knight |
| 30:46 | Create | Knight |
| 30:59 | Create | Villager (Male) ×2 |
| 31:08 | Build | House |
| 31:08 | Build | House |
| 31:18 | Create | Villager (Male) |
| 31:35 | Create | Villager (Male) ×4 |
| 31:41 | Build | Farm |
| 31:43 | Build | Farm |
Build order — R. Daneel Olivaw
First 150 of 249 actions detected
| 0:37 | Build | Town Center |
| 2:37 | Build | House |
| 2:45 | Create | Villager (Male) |
| 2:45 | Create | Villager (Male) |
| 2:49 | Create | Villager (Male) |
| 2:52 | Create | Villager (Male) |
| 3:05 | Build | Palisade Gate |
| 3:09 | Build | Palisade Wall |
| 3:27 | Build | Palisade Gate |
| 3:53 | Research | Loom |
| 3:55 | Create | Villager (Male) |
| 4:34 | Create | Villager (Male) |
| 5:00 | Create | Villager (Male) |
| 5:33 | Build | House |
| 5:39 | Create | Villager (Male) |
| 6:08 | Create | Villager (Male) |
| 6:33 | Create | Villager (Male) |
| 6:34 | Create | Villager (Male) |
| 7:05 | Build | House |
| 7:07 | Build | Mill |
| 7:24 | Create | Villager (Male) |
| 7:24 | Create | Villager (Male) |
| 8:06 | Create | Villager (Male) |
| 8:18 | Create | Villager (Male) |
| 8:48 | Build | Mining Camp |
| 8:55 | Create | Villager (Male) |
| 9:09 | Create | Villager (Male) |
| 9:20 | Build | House |
| 9:39 | Create | Villager (Male) |
| 9:57 | Create | Villager (Male) |
| 10:23 | Create | Villager (Male) |
| 10:37 | Create | Villager (Male) |
| 11:14 | Build | House |
| 11:33 | Research | Feudal Age |
| 12:03 | Build | Mining Camp |
| 12:19 | Create | Villager (Male) |
| 13:44 | Age | Feudal Age |
| 13:52 | Build | Market |
| 13:57 | Build | Blacksmith |
| 14:07 | Create | Villager (Male) |
| 14:31 | Build | Palisade Wall |
| 14:38 | Create | Villager (Male) |
| 14:41 | Build | Palisade Wall |
| 15:24 | Build | House |
| 15:36 | Build | House |
| 15:37 | Build | Palisade Wall |
| 15:44 | Build | Palisade Wall |
| 15:45 | Build | Palisade Wall |
| 15:51 | Build | Palisade Wall |
| 15:55 | Build | Palisade Wall |
| 16:00 | Build | Palisade Wall |
| 16:08 | Research | Castle Age |
| 16:13 | Build | House |
| 16:14 | Build | Palisade Wall |
| 16:25 | Build | Palisade Gate |
| 16:26 | Build | Palisade Wall |
| 16:32 | Create | Villager (Male) |
| 16:54 | Build | Lumber Camp |
| 17:19 | Build | Palisade Wall |
| 17:42 | Research | Double-Bit Axe |
| 18:48 | Age | Castle Age |
| 18:53 | Create | Villager (Male) |
| 19:18 | Create | Villager (Male) |
| 19:57 | Build | Castle |
| 20:11 | Build | Palisade Wall |
| 20:18 | Create | Villager (Male) |
| 20:43 | Build | Farm |
| 20:45 | Build | Farm |
| 20:48 | Build | Farm |
| 20:54 | Create | Villager (Male) |
| 21:03 | Create | Villager (Male) |
| 21:20 | Create | Organ Gun |
| 21:20 | Create | Organ Gun |
| 21:28 | Create | Villager (Male) |
| 21:48 | Create | Organ Gun |
| 21:50 | Create | Villager (Male) |
| 22:02 | Build | Farm |
| 22:05 | Build | Farm |
| 22:14 | Create | Organ Gun |
| 22:32 | Create | Villager (Male) |
| 22:51 | Create | Villager (Male) |
| 23:01 | Create | Organ Gun |
| 23:03 | Create | Villager (Male) |
| 23:09 | Build | Farm |
| 23:10 | Build | Farm |
| 23:15 | Create | Organ Gun |
| 23:17 | Create | Villager (Male) |
| 23:33 | Create | Organ Gun |
| 23:38 | Build | Farm |
| 24:00 | Create | Organ Gun |
| 24:04 | Create | Villager (Male) |
| 24:31 | Create | Villager (Male) |
| 24:37 | Build | Mill |
| 24:38 | Build | Farm |
| 24:54 | Create | Villager (Male) |
| 24:54 | Create | Villager (Male) |
| 25:23 | Create | Organ Gun |
| 25:27 | Create | Villager (Male) |
| 25:27 | Create | Villager (Male) |
| 25:42 | Create | Organ Gun |
| 26:02 | Create | Villager (Male) |
| 26:25 | Create | Organ Gun |
| 26:27 | Create | Villager (Male) |
| 27:05 | Create | Organ Gun |
| 27:05 | Create | Organ Gun |
| 27:09 | Build | House |
| 27:12 | Create | Villager (Male) |
| 27:12 | Create | Villager (Male) |
| 27:14 | Build | Farm |
| 27:18 | Build | Farm |
| 27:27 | Build | Town Center |
| 27:32 | Create | Villager (Male) |
| 27:57 | Build | Monastery |
| 28:02 | Create | Villager (Male) |
| 28:15 | Create | Villager (Male) |
| 28:15 | Create | Villager (Male) |
| 28:51 | Create | Villager (Male) |
| 28:51 | Create | Villager (Male) |
| 28:55 | Build | Mining Camp |
| 29:12 | Create | Monk |
| 29:14 | Create | Villager (Male) |
| 29:14 | Create | Villager (Male) |
| 29:19 | Build | House |
| 29:21 | Build | House |
| 29:22 | Build | House |
| 29:24 | Build | House |
| 29:30 | Build | Palisade Wall |
| 29:40 | Create | Villager (Male) |
| 29:47 | Build | Farm |
| 29:49 | Build | Farm |
| 29:54 | Build | Farm |
| 29:56 | Create | Villager (Male) |
| 30:34 | Create | Villager (Male) |
| 30:34 | Create | Villager (Male) |
| 30:39 | Build | Farm |
| 30:53 | Create | Villager (Male) |
| 31:44 | Build | Mining Camp |
| 32:22 | Research | Imperial Age |
| 32:30 | Create | Villager (Male) |
| 32:51 | Create | Organ Gun |
| 32:55 | Create | Villager (Male) |
| 33:08 | Create | Organ Gun |
| 33:31 | Create | Organ Gun |
| 33:33 | Create | Villager (Male) |
| 33:40 | Build | Barracks |
| 33:41 | Build | Barracks |
| 33:46 | Create | Organ Gun |
| 33:46 | Create | Organ Gun |
| 34:08 | Create | Villager (Male) |
| 34:09 | Create | Villager (Male) |
Build order — dnmdsxlw
First 150 of 270 actions detected
| 0:25 | Build | House |
| 0:39 | Build | Town Center |
| 2:53 | Create | Villager (Male) |
| 2:53 | Create | Villager (Male) |
| 2:53 | Create | Villager (Male) |
| 2:54 | Create | Villager (Male) |
| 2:54 | Create | Villager (Male) |
| 3:00 | Build | House |
| 3:09 | Build | House |
| 3:25 | Research | Loom |
| 3:38 | Create | Villager (Male) |
| 3:38 | Create | Villager (Male) |
| 3:39 | Create | Villager (Male) |
| 3:44 | Build | House |
| 4:45 | Create | Villager (Male) |
| 4:45 | Create | Villager (Male) |
| 4:45 | Create | Villager (Male) |
| 4:50 | Build | House |
| 5:24 | Create | Villager (Male) |
| 5:24 | Create | Villager (Male) |
| 5:24 | Create | Villager (Male) |
| 6:18 | Create | Villager (Male) |
| 6:19 | Create | Villager (Male) |
| 6:19 | Create | Villager (Male) |
| 6:19 | Create | Villager (Male) |
| 7:14 | Create | Villager (Male) |
| 7:14 | Create | Villager (Male) |
| 7:14 | Create | Villager (Male) |
| 7:20 | Build | House |
| 7:47 | Create | Villager (Male) |
| 7:47 | Create | Villager (Male) |
| 7:48 | Create | Villager (Male) |
| 8:10 | Create | Villager (Male) |
| 8:11 | Create | Villager (Male) |
| 8:43 | Create | Villager (Male) |
| 8:46 | Build | Lumber Camp |
| 9:04 | Build | Mill |
| 9:24 | Create | Villager (Male) |
| 9:52 | Create | Villager (Male) |
| 10:12 | Research | Feudal Age |
| 10:13 | Research | Feudal Age |
| 11:16 | Build | Barracks |
| 12:03 | Build | House |
| 12:27 | Age | Feudal Age |
| 12:28 | Create | Villager (Male) |
| 12:33 | Build | Stable |
| 12:50 | Build | Palisade Wall |
| 12:53 | Create | Villager (Male) |
| 12:57 | Build | Mill |
| 13:02 | Create | Villager (Male) |
| 13:10 | Build | Farm |
| 13:11 | Build | Farm |
| 13:16 | Build | Blacksmith |
| 13:17 | Create | Scout Cavalry |
| 13:18 | Create | Scout Cavalry |
| 13:49 | Build | Palisade Gate |
| 13:59 | Build | House |
| 14:01 | Build | House |
| 14:29 | Build | House |
| 14:33 | Build | House |
| 14:49 | Create | Villager (Male) |
| 14:56 | Build | Farm |
| 14:57 | Build | Farm |
| 15:12 | Create | Scout Cavalry |
| 15:22 | Create | Villager (Male) |
| 15:24 | Build | House |
| 15:28 | Build | Farm |
| 15:36 | Research | Scale Barding Armor |
| 15:52 | Create | Villager (Male) |
| 15:57 | Build | Farm |
| 16:06 | Create | Scout Cavalry |
| 16:13 | Build | Farm |
| 16:37 | Build | Farm |
| 16:52 | Create | Villager (Male) |
| 16:57 | Create | Scout Cavalry |
| 17:05 | Build | House |
| 17:30 | Build | Palisade Wall |
| 17:39 | Create | Villager (Male) |
| 17:50 | Create | Villager (Male) |
| 18:01 | Create | Villager (Male) |
| 18:04 | Build | Farm |
| 18:06 | Build | Farm |
| 18:06 | Build | Farm |
| 18:11 | Build | House |
| 18:17 | Create | Villager (Male) |
| 18:40 | Build | Farm |
| 18:42 | Build | Palisade Wall |
| 18:46 | Build | Palisade Wall |
| 18:49 | Build | Farm |
| 19:37 | Build | Farm |
| 20:20 | Create | Villager (Male) |
| 20:27 | Build | Mining Camp |
| 20:39 | Research | Castle Age |
| 20:39 | Research | Castle Age |
| 21:02 | Research | Double-Bit Axe |
| 21:04 | Research | Horse Collar |
| 22:42 | Research | Bloodlines |
| 23:19 | Age | Castle Age |
| 23:21 | Create | Villager (Male) |
| 23:23 | Create | Knight |
| 23:25 | Create | Villager (Male) |
| 23:30 | Build | Town Center |
| 23:39 | Research | Chain Barding Armor |
| 23:49 | Build | Stable |
| 24:07 | Create | Knight |
| 24:13 | Create | Villager (Male) |
| 24:27 | Create | Villager (Male) |
| 24:39 | Create | Knight |
| 24:42 | Research | Husbandry |
| 24:48 | Build | Farm |
| 24:52 | Build | Farm |
| 25:02 | Create | Villager (Male) |
| 25:07 | Create | Knight |
| 25:21 | Create | Villager (Male) |
| 25:23 | Create | Villager (Male) |
| 25:26 | Create | Knight |
| 25:54 | Create | Knight |
| 26:18 | Create | Knight |
| 26:30 | Create | Villager (Male) |
| 26:30 | Create | Villager (Male) |
| 26:30 | Create | Villager (Male) |
| 26:42 | Build | Farm |
| 26:46 | Build | Farm |
| 26:48 | Build | Farm |
| 26:55 | Create | Villager (Male) |
| 26:55 | Create | Villager (Male) |
| 26:56 | Create | Knight |
| 26:57 | Create | Knight |
| 27:24 | Create | Knight |
| 27:24 | Create | Knight |
| 27:25 | Create | Villager (Male) |
| 27:26 | Create | Villager (Male) |
| 27:57 | Create | Villager (Male) |
| 27:57 | Create | Villager (Male) |
| 28:00 | Create | Knight |
| 28:21 | Create | Villager (Male) |
| 28:22 | Create | Villager (Male) |
| 28:42 | Create | Villager (Male) |
| 28:43 | Create | Villager (Male) |
| 28:51 | Build | Town Center |
| 28:55 | Research | Bow Saw |
| 28:57 | Research | Heavy Plow |
| 29:18 | Create | Knight |
| 29:18 | Create | Knight |
| 29:45 | Research | Town Watch |
| 29:56 | Build | House |
| 29:59 | Build | House |
| 30:14 | Research | Wheelbarrow |
| 30:15 | Create | Villager (Male) |
| 30:51 | Create | Villager (Male) |
Match timeline
| 3:09 | R. Daneel Olivaw · wall_segment Palisade Wall x1 |
| 5:00 | Rennzai · wall_segment Palisade Wall x1 |
| 5:10 | Rennzai · wall_segment Palisade Wall x1 |
| 5:21 | Rennzai · wall_segment Palisade Wall x1 |
| 5:27 | Rennzai · wall_segment Palisade Wall x1 |
| 11:16 | dnmdsxlw · first_building Barracks |
| 12:27 | dnmdsxlw · age_up feudal |
| 12:33 | dnmdsxlw · first_building Stable |
| 12:38 | NotUseful · first_building Barracks |
| 12:50 | dnmdsxlw · wall_segment Palisade Wall x6 |
| 13:03 | Rennzai · age_up feudal |
| 13:17 | Narawara · wall_segment Palisade Wall x1 |
| 13:34 | Dutchz · age_up feudal |
| 13:36 | Rennzai · first_building Barracks |
| 13:43 | Narawara · wall_segment Palisade Wall x5 |
| 13:44 | Narawara · wall_segment Palisade Wall x2 |
| 13:44 | R. Daneel Olivaw · age_up feudal |
| 13:52 | Narawara · wall_segment Palisade Wall x7 |
| 14:00 | NotUseful · age_up feudal |
| 14:03 | NotUseful · first_building Stable |
| 14:04 | Rennzai · wall_segment Palisade Wall x1 |
| 14:05 | Rennzai · wall_segment Palisade Wall x1 |
| 14:08 | Ez4u2nv · age_up feudal |
| 14:12 | Rennzai · first_market_buy 100 food |
| 14:13 | Rennzai · first_market_sell 100 wood |
| 14:16 | Narawara · wall_segment Palisade Wall x1 |
| 14:19 | Narawara · wall_segment Palisade Wall x1 |
| 14:27 | Dutchz · wall_segment Palisade Wall x9 |
| 14:31 | R. Daneel Olivaw · wall_segment Palisade Wall x1 |
| 14:41 | R. Daneel Olivaw · wall_segment Palisade Wall x1 |
| 14:58 | Potential_war · age_up feudal |
| 15:28 | Narawara · age_up feudal |
| 15:37 | R. Daneel Olivaw · wall_segment Palisade Wall x1 |
| 15:44 | R. Daneel Olivaw · wall_segment Palisade Wall x1 |
| 15:45 | R. Daneel Olivaw · wall_segment Palisade Wall x1 |
| 15:47 | Potential_war · wall_segment Palisade Wall x2 |
| 15:50 | Potential_war · wall_segment Palisade Wall x8 |
| 15:51 | R. Daneel Olivaw · wall_segment Palisade Wall x1 |
| 15:55 | R. Daneel Olivaw · wall_segment Palisade Wall x1 |
| 15:56 | Potential_war · wall_segment Palisade Wall x1 |
| 16:00 | R. Daneel Olivaw · wall_segment Palisade Wall x1 |
| 16:14 | R. Daneel Olivaw · wall_segment Palisade Wall x1 |
| 16:26 | R. Daneel Olivaw · wall_segment Palisade Wall x1 |
| 16:38 | Ez4u2nv · wall_segment Stone Wall x1 |
| 16:39 | Ez4u2nv · wall_segment Stone Wall x1 |
| 17:02 | Ez4u2nv · wall_segment Stone Wall x6 |
| 17:05 | Narawara · wall_segment Palisade Wall x1 |
| 17:07 | Ez4u2nv · wall_segment Stone Wall x1 |
| 17:07 | Ez4u2nv · wall_segment Stone Wall x1 |
| 17:10 | Ez4u2nv · wall_segment Stone Wall x1 |
| 17:10 | Ez4u2nv · wall_segment Stone Wall x1 |
| 17:17 | Ez4u2nv · wall_segment Stone Wall x14 |
| 17:19 | R. Daneel Olivaw · wall_segment Palisade Wall x1 |
| 17:23 | Rennzai · age_up castle |
| 17:30 | dnmdsxlw · wall_segment Palisade Wall x6 |
| 17:32 | NotUseful · age_up castle |
| 17:40 | Rennzai · first_building Monastery |
| 17:53 | Narawara · wall_segment Palisade Wall x1 |
| 17:54 | Narawara · wall_segment Palisade Wall x1 |
| 17:56 | Potential_war · first_building Barracks |
| 17:57 | Dutchz · wall_segment Palisade Wall x4 |
| 17:58 | Narawara · wall_segment Palisade Wall x1 |
| 18:00 | Narawara · wall_segment Palisade Wall x1 |
| 18:08 | Dutchz · age_up castle |
| 18:31 | Narawara · first_market_buy 100 food |
| 18:42 | dnmdsxlw · wall_segment Palisade Wall x1 |
| 18:46 | dnmdsxlw · wall_segment Palisade Wall x1 |
| 18:47 | Narawara · first_building Barracks |
| 18:48 | R. Daneel Olivaw · age_up castle |
| 18:54 | Ez4u2nv · age_up castle |
| 18:55 | Potential_war · first_building Stable |
| 19:02 | R. Daneel Olivaw · first_market_sell 100 food |
| 19:03 | R. Daneel Olivaw · first_market_buy 100 stone |
| 19:26 | Dutchz · first_market_buy 100 stone |
| 19:40 | Narawara · wall_segment Palisade Wall x1 |
| 19:57 | R. Daneel Olivaw · first_building Castle |
| 20:11 | R. Daneel Olivaw · wall_segment Palisade Wall x1 |
| 20:28 | Narawara · first_building Stable |
| 21:18 | Narawara · age_up castle |
| 21:59 | Potential_war · age_up castle |
| 22:11 | Rennzai · wall_segment Stone Wall x4 |
| 22:12 | Rennzai · wall_segment Stone Wall x1 |
| 22:31 | Narawara · wall_segment Palisade Wall x1 |
| 22:46 | Potential_war · first_building Siege Workshop |
| 22:59 | Dutchz · first_building Barracks |
| 23:11 | Narawara · wall_segment Palisade Wall x1 |
| 23:15 | Narawara · wall_segment Palisade Wall x1 |
| 23:19 | dnmdsxlw · age_up castle |
| 23:32 | Rennzai · wall_segment Stone Wall x8 |
| 23:34 | Rennzai · wall_segment Stone Wall x1 |
| 23:36 | Rennzai · wall_segment Stone Wall x5 |
| 23:38 | Rennzai · wall_segment Stone Wall x1 |
| 23:44 | Ez4u2nv · first_building Barracks |
| 24:00 | Potential_war · first_building Monastery |
| 24:13 | Dutchz · first_market_sell 100 wood |
| 24:14 | Rennzai · wall_segment Stone Wall x5 |
| 24:33 | Dutchz · first_building Stable |
| 27:57 | R. Daneel Olivaw · first_building Monastery |
| 29:10 | Potential_war · first_building Castle |
| 29:30 | R. Daneel Olivaw · wall_segment Palisade Wall x1 |
| 29:36 | Rennzai · first_building Castle |
| 30:58 | dnmdsxlw · first_building Monastery |
| 31:07 | Rennzai · first_building Siege Workshop |
| 31:13 | Ez4u2nv · first_building Castle |
| 31:25 | Narawara · resign |
| 32:55 | Rennzai · age_up imperial |
| 33:40 | R. Daneel Olivaw · first_building Barracks |
| 34:08 | Rennzai · wall_segment Stone Wall x1 |
| 34:10 | Rennzai · wall_segment Stone Wall x1 |
| 34:53 | dnmdsxlw · first_building Archery Range |
| 35:15 | Dutchz · first_building Castle |
| 35:32 | R. Daneel Olivaw · age_up imperial |
| 35:44 | Ez4u2nv · wall_segment Stone Wall x1 |
| 35:45 | Ez4u2nv · wall_segment Stone Wall x1 |
| 35:48 | Ez4u2nv · wall_segment Stone Wall x1 |
| 35:49 | Ez4u2nv · wall_segment Stone Wall x1 |
| 36:02 | dnmdsxlw · first_building Castle |
| 36:27 | Ez4u2nv · age_up imperial |
| 36:39 | NotUseful · first_building Siege Workshop |
| 36:58 | dnmdsxlw · first_building Siege Workshop |
| 37:12 | Ez4u2nv · first_building Siege Workshop |
| 37:24 | R. Daneel Olivaw · wall_segment Stone Wall x1 |
| 37:50 | Ez4u2nv · first_market_buy 100 wood |
| 38:58 | Ez4u2nv · first_market_sell 100 food |
| 39:17 | dnmdsxlw · age_up imperial |
| 40:27 | dnmdsxlw · first_market_sell 500 food |
| 40:28 | Ez4u2nv · wall_segment Stone Wall x1 |
| 40:29 | dnmdsxlw · first_market_buy 100 stone |
| 40:30 | Ez4u2nv · wall_segment Stone Wall x1 |
| 41:25 | NotUseful · age_up imperial |
| 42:33 | Ez4u2nv · wall_segment Stone Wall x7 |
| 43:51 | NotUseful · first_building Archery Range |
[ AI ANALYSIS · 1 CREDIT ]
What really happened in this match?
Wolo.gg analyzes every decision: build order, eco, micro, common mistakes by bracket. Personalized analysis on WhatsApp or Discord in 30 seconds.
Civ guide
Incas
Perfil
Jugador #5770134